 Dungeon Crawl Stone Soup version 0.31-a0-222-gefeffbb62a (webtiles) character file.

Game seed: 13380412738553446874

21329 Ijustatesigmund the Covert (level 12, -3/77 HPs)
             Began as an Octopode Venom Mage on July 5, 2023.
             Was an Elder of Vehumet.
             Slain by a freezing wraith (7 damage)
             ... in an ice cave.
             The game lasted 00:49:01 (20465 turns).

Ijustatesigmund the Covert (Octopode Venom Mage)   Turns: 20465, Time: 00:49:02

Health: -3/77      AC: 12    Str:  9    XL:     12   Next: 88%
Magic:  20/24      EV: 19    Int: 29    God:    Vehumet [****..]
Gold:   196        SH:  0    Dex: 12    Spells: 10/28 levels left

rFire   x . .        c - +1 flail (protect)
rCold   + . .        (no shield)
rNeg    + . .        (helmet restricted)
rPois   .            n - amulet of the acrobat
rElec   +            g - +4 ring of protection
rCorr   +            h - ring of wizardry
SInv    +            j - ring of Wishful Thinking {rElec rN+ Str+2 SInv Stlth+}
Will    .....        t - +5 ring of evasion
Stlth   +++++++      i - ring of resist corrosion
HPRegen 0.32/turn    I - +6 ring of intelligence
MPRegen 0.19/turn    p - ring of ice
                     (no ring)

%: acrobat, wizardry (x1)
@: under a protective aura, on berserk cooldown, slowed, very slow
A: almost no armour, amphibious, 8 rings, camouflage 1, gelatinous body 1,
(nimble swimmer 1), tentacles
a: Renounce Religion


You were in an ice cave.
You worshipped Vehumet.
Vehumet was greatly pleased with you.
You visited 2 branches of the dungeon, and saw 14 of its levels.
You also visited: Ice Cave.

You collected 767 gold pieces.
You spent 571 gold pieces at shops.

Inventory:

Hand Weapons
 c - a +1 flail of protection (weapon)
 m - a +2 morningstar
 v - a +5 dire flail
 L - a -1 demon whip of venom
Missiles
 l - 3 throwing nets
Jewellery
 g - a +4 ring of protection (left tentacle)
 h - a ring of wizardry (right tentacle)
 i - a ring of resist corrosion (on tentacle)
 j - the ring of Wishful Thinking (on tentacle) {rElec rN+ Str+2 SInv Stlth+}
   (You acquired it on level 4 of the Dungeon)

   [ring of positive energy]

   Str:       It affects your strength (+2).
   rElec:     It insulates you from electricity.
   rN:        It protects you from negative energy.
   SInv:      It lets you see invisible.
   Stlth:     It makes you more stealthy.
 n - an amulet of the acrobat (around mantle)
 p - a ring of ice (on tentacle)
 t - a +5 ring of evasion (on tentacle)
 I - a +6 ring of intelligence (on tentacle)
 M - an amulet of magic regeneration
Wands
 f - a wand of charming (9)
 o - a wand of flame (27)
 F - a wand of mindburst (5)
 J - a wand of polymorph (6)
Scrolls
 e - 5 scrolls of teleportation
 u - a scroll of poison
 w - 2 scrolls of fog
 y - a scroll of enchant weapon
 D - 2 scrolls of revelation
 H - 2 scrolls of blinking
Potions
 a - 2 potions of magic
 b - a potion of cancellation
 k - 6 potions of curing
 r - 4 potions of enlightenment
 s - 2 potions of attraction
 x - 13 potions of ambrosia
 z - 2 potions of brilliance
 B - 2 potions of haste
 E - 3 potions of mutation
 K - 2 potions of lignification
Miscellaneous
 d - a phantom mirror
 q - a phial of floods


   Skills:
 + Level 5.1 Fighting
 - Level 2.0 Maces & Flails
 + Level 5.1 Dodging
 - Level 11.8 Stealth
 + Level 8.8 Spellcasting
 + Level 6.9 Conjurations
 + Level 5.1 Necromancy
 - Level 1.0 Transmutations
 + Level 5.2 Fire Magic
 + Level 7.0 Air Magic
 + Level 5.1 Earth Magic
 + Level 9.4 Poison Magic
 + Level 2.6 Evocations


You had 10 spell levels left.
You knew the following spells:

 Your Spells              Type           Power      Damage    Failure   Level
a - Sticky Flame          Conj/Fire      48%        2d7       1%          4
b - Poisonous Vapours     Pois/Air       100%       N/A       1%          2
c - Mephitic Cloud        Conj/Pois/Air  55%        N/A       1%          3
d - Olgreb's Toxic Radia  Pois           61%        N/A       1%          4
e - Borgnjor's Vile Clut  Necr/Erth      21%        N/A       6%          5

Your spell library contained the following spells:

 Spells                   Type           Power      Damage    Failure   Level
 Airstrike                Air            26%        2d(4-20)  1%          4
 Necrotise                Necr           100%       1d9       1%          1
 Sting                    Tmut/Pois      100%       1d8       1%          1
 Vampiric Draining        Necr           42%        2d9       1%          3
 Agony                    Necr           42%        N/A       6%          5
 Alistair's Intoxication  Tmut/Pois      28%        N/A       6%          5
 Eringya's Noxious Bog    Tmut/Pois      21%        N/A       9%          6


Dungeon Overview and Level Annotations

Branches:
Dungeon (13/15)            Temple (1/1) D:4            Lair (0/5) D:8
    Orc (0/2) D:10          IceCv (1/1)
 Vaults: D:13-14

Altars:
Ashenzari
Cheibriados
Dithmenos
Elyvilon
Fedhas
Gozag
Hepliaklqana
Kikubaaqudgha
Makhleb
Nemelex Xobeh
Okawaru
Qazlal
Ru
Sif Muna
Trog
Uskayaw
Vehumet
Wu Jian
Xom
Yredelemnul
Zin
The Shining One

Shops:
D:5 !   D:6 *   D:10 !?[


Innate Abilities, Weirdness & Mutations

You cannot wear most types of armour.
You are amphibious.
You can wear up to eight rings at the same time.
Your skin changes colour to match your surroundings (Stealth+).
Your rubbery body absorbs attacks. (AC +1, EV +1)
((You are camouflaged when in or above water. (Stealth+)))
You have tentacles for arms and can constrict up to eight enemies at once.


Message History

The freezing wraith is severely damaged.
The freezing wraith hits you! The freezing wraith freezes you! You resist.
The freezing wraith hits you but does no damage.
The freezing wraith closely misses you. The freezing wraith hits you.
You barely miss the freezing wraith.
You squeeze the freezing wraith, but do no damage.
The freezing wraith is severely damaged.
The freezing wraith misses you.
The freezing wraith hits you but does no damage.
You hit the freezing wraith but do no damage.
Your squeeze misses the freezing wraith.
The freezing wraith is severely damaged.
The freezing wraith hits you but does no damage.
The freezing wraith barely misses you.
You barely miss the freezing wraith.
The freezing wraith is severely damaged.
The freezing wraith misses you. x2; The freezing wraith hits you!
The freezing wraith freezes you! You resist.
* * * LOW HITPOINT WARNING * * *
The freezing wraith completely misses you.
You hit the freezing wraith.
The freezing wraith is severely damaged.
You are no longer berserk.
You are exhausted.
You feel as though you will be slow longer.
The freezing wraith hits you but does no damage. x2
You hit the freezing wraith.
You squeeze the freezing wraith, but do no damage.
The freezing wraith is almost destroyed.
The freezing wraith barely misses you. The freezing wraith hits you!
* * * LOW HITPOINT WARNING * * *
The freezing wraith misses you. The freezing wraith closely misses you.
You barely miss the freezing wraith.
The freezing wraith is almost destroyed.
The freezing wraith completely misses you.
The freezing wraith hits you but does no damage.
The freezing wraith hits you!
* * * LOW HITPOINT WARNING * * *
The freezing wraith freezes you! You resist.
You die...

###...##≈≈≈#.#.....,,**** **,,,
##...##≈≈≈≈≈......,,,,,,* *,,,*
##...###≈≈≈#*....,,,,,,,* **,,*
###...#.≈≈≈#*...,,,,,8*********,,
####....≈≈###..,,,,,,** **,,,***,
##..##≈##..***,,,,,***,,,,,***
##..##**#..###*****,,*,,***,,*
#..## *#...### **,,,**,,,,*
###..#### ##..W@### **,**,,,***
.#....#.## ###....## *****,,,,**
.........## ###...### **,,,8,
..........## ###...### **,,,,
...........#### ###...## *,,,,,
..............## ##...# **,,,,
........###....## ###..# *,,,,
###...### ###...# ##....# *,,,,
##### ##..# ##....## **,8,


You could see a freezing wraith.

Vanquished Creatures
  An ogre mage (D:10)
  A centaur warrior (D:10)
  3 two-headed ogres
  4 boulder beetles
  A tengu warrior (D:10)
  Nergalle (D:11)
  Amaemon (D:11)
  A deep elf pyromancer (D:12)
  2 manticores
  An elephant (D:8)
  Maurice (D:11)
  An orange demon (D:11)
  An unseen horror (D:11)
  2 kobold demonologists
  2 trolls
  An ice devil (IceCv)
  2 tengu conjurers (D:10)
  A meliai (D:10)
  A queen bee (D:9)
  A hornet (D:9)
  A snapping turtle (shapeshifter) (D:12)
  5 slime creatures (D:11)
  2 wyverns
  A dire elephant simulacrum (IceCv)
  5 yaks
  2 wraiths
  A steam dragon (D:9)
  8 vampire mosquitoes
  A basilisk (shapeshifter) (D:10)
  A basilisk (D:8)
  2 harpy simulacra (IceCv)
  4 death yak simulacra (IceCv)
  2 wargs (D:10)
  3 water moccasins (D:7)
  An ice beast (D:7)
  A sky beast (D:7)
  2 orc warriors
  4 black bears
  3 ogres (D:6)
  7 bullfrogs
  A gnoll sergeant (D:12)
  4 cane toad simulacra (IceCv)
  2 two-headed ogre simulacra (IceCv)
  3 scorpions
  6 wights
  29 killer bees
  An electric eel (D:10)
  7 howler monkeys
  2 jellies
  2 hounds
  4 orc priests
  2 iguanas
  2 sleepcaps
  6 orc wizards
  A wolf simulacrum (IceCv)
  12 gnolls
  2 naga simulacra (IceCv)
  7 adders
  7 river rats (D:6)
  4 white imps
  An ufetubus (D:6)
  A worm (D:3)
  29 orcs
  7 ball pythons
  4 endoplasms
  2 giant cockroaches (D:3)
  7 goblins
  7 hobgoblins
  2 jackals (D:1)
  11 quokkas
  2 bats
  7 frilled lizards
  9 kobolds
  17 rats
295 creatures vanquished.

Notes
Turn   | Place    | Note
-------+----------+-------------------------------------------
     0 | D:1      | Ijustatesigmund the Octopode Venom Mage began the quest for
                  | the Orb.
     0 | D:1      | Reached XP level 1. HP: 11/11 MP: 3/3
   487 | D:1      | Reached XP level 2. HP: 18/18 MP: 3/5
   519 | D:1      | Learned a level 2 spell: Poisonous Vapours
   668 | D:1      | Reached skill level 1 in Fighting
  1258 | D:2      | Reached XP level 3. HP: 16/23 MP: 1/6
  1327 | D:2      | Learned a level 3 spell: Mephitic Cloud
  1633 | D:2      | Reached skill level 1 in Air Magic
  1796 | D:2      | Found a faded altar of an unknown god.
  2286 | D:3      | Reached XP level 4. HP: 28/28 MP: 3/7
  2719 | D:3      | Reached skill level 1 in Conjurations
  3280 | D:4      | Reached XP level 5. HP: 33/33 MP: 9/9
  3407 | D:3      | Learned a level 4 spell: Olgreb's Toxic Radiance
  3785 | D:4      | Found a staircase to the Ecumenical Temple.
  3795 | Temple   | Entered the Ecumenical Temple
  3851 | Temple   | Became a worshipper of Vehumet
  4283 | D:4      | Identified a scroll of acquirement
  4283 | D:4      | Acquired the ring of Wishful Thinking {rElec rN+ Str+2 SInv
                  | Stlth+}
  4577 | D:5      | Entered Level 5 of the Dungeon
  4600 | D:5      | Reached skill level 5 in Poison Magic
  4629 | D:5      | Reached XP level 6. HP: 37/38 MP: 5/10
  5064 | D:5      | Found Kyduishru's Distillery.
  5070 | D:5      | Bought a potion of heal wounds for 55 gold pieces
  5070 | D:5      | Bought a potion of berserk rage for 55 gold pieces
  5070 | D:5      | Bought a potion of curing for 33 gold pieces
  5501 | D:5      | Reached XP level 7. HP: 45/45 MP: 7/12
  5560 | D:5      | Identified the +2 leather armour of Sifufure {rF+ MP+9}
  7056 | D:6      | Reached XP level 8. HP: 52/52 MP: 14/14
  7226 | D:6      | Found Ucinoath's Assorted Antiques.
  7339 | D:6      | Found a bloodstained altar of Trog.
  7365 | D:6      | Reached * piety under Vehumet
  7365 | D:6      | Offered knowledge of Freeze by Vehumet.
  8348 | D:7      | Offered knowledge of Searing Ray by Vehumet.
  8362 | D:7      | Reached ** piety under Vehumet
  8363 | D:7      | Reached skill level 5 in Spellcasting
  8451 | D:7      | Reached XP level 9. HP: 38/59 MP: 16/16
  8821 | D:7      | Reached skill level 5 in Air Magic
  8827 | D:7      | Reached skill level 5 in Conjurations
  9328 | D:8      | Found a staircase to the Lair.
  9328 | D:8      | Noticed an elephant
  9468 | D:8      | Reached skill level 5 in Fighting
 10419 | D:7      | Reached skill level 1 in Maces & Flails
 10651 | D:8      | Killed an elephant
 10905 | D:8      | Noticed a two-headed ogre
 11250 | D:8      | Reached skill level 1 in Evocations
 11250 | D:8      | Reached XP level 10. HP: 66/66 MP: 11/19
 11411 | D:8      | Killed a two-headed ogre
 12087 | D:9      | Found a broken altar of Ashenzari.
 12127 | D:9      | Reached skill level 3 in Stealth
 12330 | D:9      | Offered knowledge of Momentum Strike by Vehumet.
 12333 | D:9      | Reached *** piety under Vehumet
 12334 | D:9      | Reached skill level 4 in Stealth
 12530 | D:9      | Offered knowledge of Sticky Flame by Vehumet.
 12539 | D:9      | Learned a level 4 spell: Sticky Flame
 12552 | D:9      | Noticed a two-headed ogre
 13048 | D:9      | Killed a two-headed ogre
 13049 | D:9      | Reached skill level 1 in Fire Magic
 13049 | D:9      | Reached XP level 11. HP: 71/71 MP: 4/21
 13463 | D:9      | Learned a level 5 spell: Borgnjor's Vile Clutch
 13484 | D:10     | Entered Level 10 of the Dungeon
 13531 | D:10     | Noticed a manticore
 13539 | D:10     | Killed a manticore
 13540 | D:10     | Reached skill level 1 in Necromancy
 13540 | D:10     | Reached skill level 1 in Earth Magic
 13579 | D:10     | Noticed a centaur warrior
 13596 | D:10     | Killed a centaur warrior
 13814 | D:10     | Noticed a tengu warrior
 13822 | D:10     | Killed a tengu warrior
 14042 | D:10     | Noticed a boulder beetle
 14056 | D:10     | Killed a boulder beetle
 14302 | D:10     | Found a staircase to the Orcish Mines.
 14534 | D:10     | Reached skill level 5 in Dodging
 15237 | D:10     | Noticed an ogre mage
 15241 | D:10     | Reached **** piety under Vehumet
 15243 | D:10     | Paralysed by an ogre mage for 4 turns
 15247 | D:10     | Killed an ogre mage
 15422 | D:10     | Found Jiedutse's Distillery.
 15422 | D:10     | Found Ocaqia's Magic Scroll Boutique.
 15423 | D:10     | Found Nenosch's Antique Armour Shoppe.
 15427 | D:10     | Bought a potion of berserk rage for 75 gold pieces
 15427 | D:10     | Bought a potion of haste for 150 gold pieces
 15429 | D:10     | Bought a scroll of identify for 28 gold pieces
 15429 | D:10     | Bought a scroll of identify for 28 gold pieces
 15429 | D:10     | Bought a scroll of teleportation for 42 gold pieces
 15440 | D:10     | Bought a scroll of revelation for 105 gold pieces
 15525 | D:10     | Found a hide-covered altar of Uskayaw.
 15571 | D:11     | Noticed Maurice
 15581 | D:11     | Killed Maurice
 15842 | D:11     | Noticed a two-headed ogre
 15854 | D:11     | Killed a two-headed ogre
 15854 | D:11     | Offered knowledge of Airstrike by Vehumet.
 15855 | D:11     | Reached skill level 5 in Stealth
 16175 | D:11     | Noticed Nergalle
 16182 | D:11     | Noticed a spectral orc warlord
 16187 | D:11     | Killed Nergalle
 16188 | D:11     | Reached XP level 12. HP: 59/77 MP: 20/24
 16594 | D:11     | Noticed a boulder beetle
 16601 | D:11     | Killed a boulder beetle
 16602 | D:11     | Reached skill level 5 in Fire Magic
 16909 | D:11     | Noticed Amaemon
 16921 | D:11     | Reached skill level 6 in Stealth
 16925 | D:11     | Killed Amaemon
 17510 | D:11     | Reached skill level 5 in Earth Magic
 17678 | D:11     | Reached skill level 5 in Necromancy
 18117 | D:12     | Reached skill level 7 in Stealth
 18123 | D:12     | Noticed a boulder beetle
 18126 | D:12     | Noticed a shock serpent
 18129 | D:12     | a shock serpent changed into a snapping turtle
 18133 | D:12     | Killed a boulder beetle
 18134 | D:12     | Reached skill level 8 in Stealth
 18269 | D:12     | Reached skill level 9 in Stealth
 18379 | D:12     | Noticed a boulder beetle
 18391 | D:12     | Killed a boulder beetle
 18398 | D:12     | Reached skill level 10 in Stealth
 18913 | D:12     | Reached skill level 11 in Stealth
 18937 | D:13     | Found a frozen archway.
 19044 | IceCv    | Entered an ice cave
 20465 | IceCv    | Slain by a freezing wraith

Illustrated notes

Levels and vault maps discovered:
D:1:      spicycebolla_green_bress_n_ham_2, layout_basic, minivault_24,
          roderic_serpentine_path, nicolae_eternal_life
D:2:      layout_rooms, shapermc_ecumenical_altar_notcrosses, item_on_display_a
D:3:      layout_basic, grunt_ministairs_1
D:4:      kennysheep_big_flooded_room, layout_loops_ring, temple_fountains,
          kennysheep_doodads, serial_park_tiny_pond
D:5:      layout_basic, serial_shops, nicolae_shop_industrial_runoff,
          chequers_big_river
D:6:      lemuel_ratsnest, layout_loops_corners, bloody_trog, serial_shops,
          nicolae_square_shop
D:7:      layout_rooms
D:8:      layout_gridville, david_lair_generic
D:9:      layout_roguey [special_room_bee], ashenzari_conservatory_becter,
          eino_small_chamber_without_monster, minmay_misc_feat_encased,
          grunt_decor_resistance
D:10:     minmay_tri_box, layout_stronghold, kennysheep_little_box,
          minmay_orc_entry_guard_dogs, chequers_garden, nicolae_wooded_promenade
D:11:     layout_gridville, uniq_maurice, uniq_nergalle, uniq_amaemon
D:12:     layout_loops_ring, zin_academy
D:13:     layout_small_grid, portal_ice_cave_entry_pillars_2,
          elves_outpost_lemuel, uniq_sonja, uniq_nessos
Temple:   compressed_dpeg_triangle_lava_temple
IceCv:    ice_cave_small_necro

Skill      XL: |  1  2  3  4  5  6  7  8  9 10 11 12 |
---------------+-------------------------------------+-----
Fighting       | 1 2 3 4 5 |  5.1
Poison Magic   | 4 5 6 7 8 9 |  9.4
Air Magic      | 1 2 3 4 6 7 |  7.0
Conjurations   | 1 2 3 4 5 6 |  6.9
Spellcasting   | 3 4 5 6 7 8 |  8.8
Maces & Flails | 2 |  2.0
Evocations     | 1 2 |  2.6
Stealth        | 4 5 11 | 11.8
Dodging        | 3 5 |  5.1
Fire Magic     | 1 4 5 |  5.2
Necromancy     | 4 5 |  5.1
Earth Magic    | 4 5 |  5.1
Transmutations | |  1.0

Action                     |  1- 3 |  4- 6 |  7- 9 | 10-12 || total
---------------------------+-------+-------+-------+-------++-------
  Melee: Tentacles         |    11 |    13 |    48 |    84 ||   156
         Unarmed           |     3 |       |       |       ||     3
         Constrict         |    11 |    20 |    27 |    28 ||    86
         Short sword       |    35 |       |       |       ||    35
         Flail             |     8 |    65 |   161 |   253 ||   487
         Punch             |       |     1 |     8 |     5 ||    14
   Cast: Sting             |    14 |       |       |       ||    14
         Poisonous Vapours |    23 |    45 |    43 |    45 ||   156
         Mephitic Cloud    |       |     1 |     6 |    16 ||    23
         Olgreb's Toxic Ra |       |     3 |    22 |    51 ||    76
         Sticky Flame      |       |       |       |    53 ||    53
         Borgnjor's Vile C |       |       |       |    16 ||    16
  Evoke: Wand              |       |     2 |     8 |    25 ||    35
         Phantom mirror    |       |       |       |     1 ||     1
    Use: Scroll            |     5 |     7 |     8 |     9 ||    29
         Potion            |       |       |     6 |     2 ||     8
   Stab: Sleeping          |     2 |     2 |     4 |       ||     8
         Confused          |       |       |     3 |     4 ||     7
 Armour: Skin              |     1 |    20 |    43 |    81 ||   145
  Dodge: Dodged            |    23 |    43 |   157 |   401 ||   624

Table legend: (Time is in decaauts)
 A = Elapsed time spent in this place.
 B = Non-inter-level travel time spent in this place.
 C = Inter-level travel time spent in this place.
 D = Time resting spent in this place.
 E = Time spent auto-exploring this place.
 F = Levels seen in this place.
 G = Mean time per level.
                   A        B        C        D        E       F      G
               +--------+--------+--------+--------+--------+-----+--------+
         Total |  20672 |  20236 |    436 |   9408 |   8498 |  15 | 1378.1 |
       Dungeon |  18864 |  18432 |    432 |   8234 |   8058 |  13 | 1451.1 |
        Temple |    376 |    372 |      4 |      0 |    352 |   1 |  376.0 |
      Ice Cave |   1431 |   1431 |      0 |   1174 |     88 |   1 | 1431.0 |
               +--------+--------+--------+--------+--------+-----+--------+

Top non-repeatable levels by time:
    D:11: 2679 daAuts
     D:8: 2215 daAuts
    D:10: 2105 daAuts
     D:6: 1904 daAuts
     D:5: 1851 daAuts
     D:7: 1482 daAuts
   IceCv: 1431 daAuts
     D:3: 1408 daAuts
     D:9: 1297 daAuts
     D:1: 1212 daAuts
     D:4: 1076 daAuts
     D:2: 787 daAuts
    D:12: 734 daAuts
  Temple: 376 daAuts
    D:13: 108 daAuts
